 Dungeon Crawl Stone Soup version 0.18.1-50-g88ac8fd (webtiles) character file.

161 Kokiki the Magician (level 5, -7/28 HPs)
             Began as a Deep Elf Wizard on Sept 17, 2016.
             Was an Initiate of Sif Muna.
             Killed by divine providence
             ... invoked by an orc priest
              (16 damage)
             ... on level 3 of the Dungeon.
             The game lasted 00:15:02 (3347 turns).

Kokiki the Magician (Deep Elf Wizard)               Turns: 3347, Time: 00:15:02

Health: -7/28      AC:  2    Str:  4    XL:     5   Next: 18%
Magic:  0/15       EV: 13    Int: 24    God:    Sif Muna [......]
Gold:   137        SH:  0    Dex: 13    Spells: 6 memorised, 3 levels left

rFire  . . .     SeeInvis .     i - +0 short sword
rCold  . . .     Gourm    .     a - +0 robe
rNeg   . . .     Faith    .     (no shield)
rPois  .         Spirit   +     b - +0 hat
rElec  .         Dismiss  .     (no cloak)
rCorr  .         Reflect  .     (no gloves)
SustAt .         Harm     .     (no boots)
MR     .....                    j - amulet of guardian spirit
Stlth  ++........               (no ring)
                                (no ring)

@: very slightly contaminated, not resistant to hostile enchantments, unstealthy
A: no striking features
a: Renounce Religion


You were on level 3 of the Dungeon.
You worshipped Sif Muna.
Sif Muna was noncommittal.
You were not hungry.

You visited 1 branch of the dungeon, and saw 3 of its levels.

You collected 137 gold pieces.

Inventory:

Hand Weapons
 i - a +0 short sword (weapon)
Armour
 a - a +0 robe (worn)
 b - a +0 hat (worn)
 f - a +1 robe of the Archmagi
Jewellery
 j - an amulet of guardian spirit (around neck)
Scrolls
 m - 2 scrolls of amnesia
 o - a scroll of fear {unknown}
Potions
 e - a potion of cancellation
Books
 c - a book of Minor Magic

   Spells                             Type                      Level
   a - Magic Dart                     Conjuration                  1
   b - Blink                          Translocation                2
   c - Call Imp                       Summoning                    2
   d - Repel Missiles                 Charms/Air                   2
   e - Slow                           Hexes                        2
   f - Conjure Flame                  Conjuration/Fire             3
   g - Mephitic Cloud                 Conjuration/Poison/Air       3
Comestibles
 d - 3 bread rations
 g - a beef jerky
 p - a meat ration


   Skills:
 + Level 0.2 Fighting
 + Level 0.2 Short Blades
 + Level 3.0 Dodging
 + Level 3.1 Stealth
 + Level 6.3 Spellcasting
 + Level 2.7 Conjurations
 + Level 1.5 Summonings
 + Level 1.2 Translocations
 + Level 0.2 Poison Magic


You had 3 spell levels left.
You knew the following spells:

 Your Spells              Type           Power        Failure   Level  Hunger
a - Magic Dart            Conj           ###.         2%          1    None
b - Call Imp              Summ           ###.....     8%          2    None
c - Blink                 Tloc           N/A          10%         2    None
d - Conjure Flame         Conj/Fire      ##......     17%         3    None
e - Slow                  Hex            #.......     12%         2    None
f - Mephitic Cloud        Conj/Pois/Air  ##......     17%         3    None


Dungeon Overview and Level Annotations

Branches:
Dungeon (3/15)

Altars:
Fedhas
Gozag
Qazlal
Ru
Sif Muna
Zin
The Shining One


Message History

The orc priest hits you with a dagger of protection.
Casting: Magic Dart
Confirm with . or Enter, or press ? or * to list all spells.
Aiming: Magic Dart
Press: ? - help, Shift-Dir - straight line, f/p - orc priest
Aim: an orc priest, wielding a dagger of protection and wearing a chain mail (moderately wounded)
The magic dart hits the orc priest.
The orc priest is heavily wounded.
The orc priest hits you with a dagger of protection!
Casting: Magic Dart
Confirm with . or Enter, or press ? or * to list all spells.
You miscast Blink.
You are very lightly contaminated with residual magic.
Nothing appears to happen.
The orc priest miscasts a cantrip.
The orc priest looks braver for a moment.
The orc priest calls down the wrath of Beogh upon you.
Beogh smites you!
Ouch! That really hurt!
You die...

##########[##
#........#...
+........#..
#........#..
#...o....#.###
#........#...
#....@...#.#
...#
#........'.#
#..
#........#.#
##.
.##########.#
#.
............#
# #..###.#####
. #.# .
#.######.###
##
#........... .


You could see an orc priest.

Vanquished Creatures
  An orc wizard (D:3)
  4 adders
  2 oozes
  2 dart slugs
  2 giant geckos
  5 orcs (D:3)
  3 giant cockroaches (D:1)
  6 goblins
  10 hobgoblins
  5 jackals
  3 quokkas
  3 bats
  4 giant newts
  9 kobolds
  4 rats
63 creatures vanquished.

Vanquished Creatures (collateral kills)
  Robin (D:2)
  A worm (D:2)
  4 hobgoblins (D:2)
  4 goblins (D:2)
10 creatures vanquished.

Grand Total: 73 creatures vanquished

Notes
Turn   | Place    | Note
--------------------------------------------------------------
     0 | D:1      | Kokiki the Deep Elf Wizard began the quest for the Orb.
     0 | D:1      | Reached XP level 1. HP: 10/10 MP: 7/7
   377 | D:1      | Reached XP level 2. HP: 15/15 MP: 1/9
   398 | D:1      | Learned a level 2 spell: Call Imp
   413 | D:1      | Reached skill level 5 in Spellcasting
  1052 | D:2      | Reached XP level 3. HP: 19/19 MP: 1/12
  1144 | D:2      | Learned a level 2 spell: Blink
  1193 | D:2      | Noticed Robin
  1240 | D:1      | Learned a level 3 spell: Conjure Flame
  1243 | D:1      | Learned a level 2 spell: Slow
  1538 | D:2      | Killed Robin
  1685 | D:2      | Found a blossoming altar of Fedhas.
  1718 | D:2      | Reached XP level 4. HP: 18/24 MP: 0/13
  1828 | D:2      | Found a sacrificial altar of Ru.
  1862 | D:2      | Reached skill level 6 in Spellcasting
  2144 | D:2      | Found an opulent altar of Gozag.
  2150 | D:2      | Found a glowing silver altar of Zin.
  2414 | D:2      | Found a stormy altar of Qazlal.
  2416 | D:2      | Noticed an earth elemental
  2416 | D:2      | Noticed a water elemental
  2417 | D:2      | Noticed a fire elemental
  2417 | D:2      | Noticed an air elemental
  2513 | D:3      | Found a glowing golden altar of the Shining One.
  2587 | D:3      | Found a deep blue altar of Sif Muna.
  2711 | D:3      | Became a worshipper of Sif Muna the Loreminder
  2754 | D:3      | Found a faded altar to an unknown god.
  2957 | D:2      | Learned a level 3 spell: Mephitic Cloud
  3064 | D:3      | Reached XP level 5. HP: 28/28 MP: 3/15
  3347 | D:3      | Killed from afar by an orc priest

Skill      XL: |  1  2  3  4 |
---------------+-------------+-----
Spellcasting   | 5 6 |  6.3
Conjurations   | 2 |  2.7
Dodging        | 3 |  3.0
Stealth        | 3 |  3.1
Fighting       | |  0.2
Short Blades   | |  0.2
Summonings     | |  1.5
Translocations | |  1.2
Poison Magic   | |  0.2

Action                   |  1- 3 |  4- 6 || total
-------------------------+-------+-------++-------
Melee: Unarmed           |     5 |       ||     5
       Short sword       |    12 |    41 ||    53
 Cast: Magic Dart        |    93 |    80 ||   173
       Call Imp          |     6 |       ||     6
       Blink             |     1 |     5 ||     6
       Slow              |     1 |       ||     1
       Conjure Flame     |       |     2 ||     2
       Mephitic Cloud    |       |     2 ||     2
  Use: Scroll            |     5 |       ||     5
       Potion            |       |     4 ||     4
  Eat: Chunk             |     2 |     4 ||     6
       Beef jerky        |       |     1 ||     1
Armor: Robe              |     4 |    12 ||    16
Dodge: Dodged            |    25 |    53 ||    78
